HSSL
EVANS HS KNIGHTS @ BILLINGS WEST HS GOLDEN BEARS
04/02/2024
 
TOP OF THE 1ST
Evans HS Knights batting - Pitching for Billings West HS Golden Bears : LHP Javier Olivas
Pitching: LHP Javier Olivas
Batting: RHB Ronnie Rogers 0-0: Called Strike
0-1: Called Strike
0-2: Ball
1-2: Foul Ball, location: 2F
1-2: Strikes out swinging
Batting: RHB Michael Stevenson 0-0: Swinging Strike
0-1: Swinging Strike
0-2: Strikes out looking
Batting: RHB Holden Davis 0-0: Ball
1-0: Swinging Strike
1-1: Swinging Strike
1-2: Ball
2-2: Foul Ball, location: 2F
2-2: Foul Ball, location: 2F
2-2: Ball
3-2: Strikes out looking
Top of the 1st over - 0 run(s), 0 hit(s), 0 error(s), 0 left on base; Evans HS 0 - Billings West HS 0
BOTTOM OF THE 1ST
Billings West HS Golden Bears batting - Pitching for Evans HS Knights : RHP Arlen Wright
Pitching: RHP Arlen Wright
Batting: RHB Dennis Garner 0-0: Called Strike
0-1: Ball
1-1: Ball
2-1: Ball
3-1: SINGLE (Line Drive, 89M)
Batting: RHB Spike Kennedy 0-0: Called Strike
0-1: SINGLE (Line Drive, 56)
Dennis Garner to second
Batting: RHB Cole Boehmer 0-0: Called Strike
Dennis Garner steals 3rd base
Spike Kennedy to second
0-1: Foul Ball, location: 2F
0-2: Foul Ball, location: 2F
0-2: Ball
1-2: Strikes out looking
Batting: LHB Duane Lemay 0-0: Fly out, F7 (Line Drive, 78M)
Runner from 3rd tags up, SCORES, no throw
Batting: RHB Chris Hall 0-0: Ball
Passed Ball!
Spike Kennedy to third
1-0: Called Strike
1-1: Fly out, F6 (Popup, 7LS)
Bottom of the 1st over - 1 run(s), 2 hit(s), 0 error(s), 1 left on base; Evans HS 0 - Billings West HS 1
TOP OF THE 2ND
Evans HS Knights batting - Pitching for Billings West HS Golden Bears : LHP Javier Olivas
Batting: LHB Bill McCraney 0-0: Ball
1-0: Foul Ball, location: 2F
1-1: SOLO HOME RUN (Flyball, 9D), Distance : 404 ft
Batting: RHB Tom Stoltz 0-0: Hit by Pitch
Pitching: RHP Scott Roe
Pinch Runner at 1st Michael Wilson:
Batting: LHB Gerald Murphy 0-0: Called Strike
0-1: SINGLE (Groundball, 4MD)
Michael Wilson to second
Runner from 2nd tries for 3rd, SAFE, throw made to third
Batting: SHB Bryan Atkins 0-0: Fielders Choice at 2nd, 5-4 (Groundball, 56)
Michael Wilson scores
Batting: RHB John Eaves 0-0: Ball
1-0: Foul Ball, location: 2F
1-1: Foul Ball, location: 2F
1-2: Strikes out swinging
Batting: RHB David Banks 0-0: Called Strike
Bryan Atkins is caught stealing 2nd base
Top of the 2nd over - 2 run(s), 2 hit(s), 0 error(s), 0 left on base; Evans HS 2 - Billings West HS 1
BOTTOM OF THE 2ND
Billings West HS Golden Bears batting - Pitching for Evans HS Knights : RHP Arlen Wright
Batting: LHB Andrew Holt 0-0: Ball
1-0: Foul Ball, location: 2F
1-1: Ball
2-1: Foul Ball, location: 2F
2-2: Ball
3-2: SINGLE (Groundball, 4M)
Batting: RHB Bill Reed 0-0: Called Strike
0-1: Called Strike
0-2: Ball
1-2: SINGLE (Line Drive, 5D)
Andrew Holt to second
Batting: SHB Ray O'Dell 0-0: Ball
1-0: Fielders Choice at 2nd, 4-6 (Groundball, 34)
Andrew Holt to third
Batting: RHB Jason Nava 0-0: Called Strike
Ray O'Dell steals 2nd base
0-1: Reached on error, E6 (Groundball, 6M)
Andrew Holt scores
Ray O'Dell scores
Batting: RHB Dennis Garner 0-0: Ball
1-0: Ball
2-0: Called Strike
2-1: SINGLE (Groundball, 5D)
Jason Nava to third
Runner from 3rd tries for Home, SAFE, no throw or cutoff
Batting: RHB Spike Kennedy 0-0: Ball
Dennis Garner steals 2nd base
1-0: 2-RUN HOME RUN (Flyball, 78XD), Distance : 415 ft
Batting: RHB Cole Boehmer 0-0: Ball
1-0: Ball
2-0: Called Strike
2-1: Called Strike
2-2: SINGLE (Line Drive, 56D)
Batting: LHB Duane Lemay 0-0: Ball
Cole Boehmer is caught stealing 2nd base
1-0: DOUBLE (Line Drive, 8RD)
Batting: RHB Chris Hall 0-0: Called Strike
0-1: Ball
1-1: Swinging Strike
1-2: Strikes out swinging
Bottom of the 2nd over - 5 run(s), 6 hit(s), 1 error(s), 1 left on base; Evans HS 2 - Billings West HS 6
TOP OF THE 3RD
Evans HS Knights batting - Pitching for Billings West HS Golden Bears : RHP Scott Roe
Batting: RHB David Banks 0-0: Ball
1-0: Ball
2-0: Ball
3-0: Called Strike
3-1: SINGLE (Line Drive, 78S)
Batting: RHB Ronnie Rogers 0-0: Ball
1-0: Ball
2-0: Ball
3-0: Called Strike
3-1: Foul Ball, location: 2F
3-2: Foul Ball, location: 2F
3-2: Base on Balls
David Banks to second
Batting: RHB Michael Stevenson 0-0: Ball
1-0: SINGLE (Line Drive, 89M)
David Banks to third
Ronnie Rogers to second
Batting: RHB Holden Davis 0-0: Ball
1-0: Ball
2-0: Fly out, F6 (Popup, 6MS)
Batting: LHB Bill McCraney 0-0: Foul Ball, location: 2F
0-1: Called Strike
0-2: Strikes out swinging
Batting: LHB Michael Wilson 0-0: Ball
1-0: Ball
2-0: Ball
3-0: Called Strike
3-1: Base on Balls
David Banks scores
Ronnie Rogers to third
Michael Stevenson to second
Batting: LHB Gerald Murphy 0-0: Called Strike
0-1: Swinging Strike
0-2: Ball
1-2: Ball
2-2: Foul Ball, location: 2F
2-2: Strikes out looking
Top of the 3rd over - 1 run(s), 2 hit(s), 0 error(s), 3 left on base; Evans HS 3 - Billings West HS 6
BOTTOM OF THE 3RD
Billings West HS Golden Bears batting - Pitching for Evans HS Knights : RHP Arlen Wright
Batting: LHB Andrew Holt 0-0: Foul Ball, location: 2F
0-1: Fly out, F7 (Flyball, 7LM)
Batting: RHB Bill Reed 0-0: Called Strike
0-1: Ball
1-1: Fly out, F8 (Flyball, 8LS)
Batting: SHB Ray O'Dell 0-0: Called Strike
0-1: Ground out 4-3 (Groundball, 4)
Bottom of the 3rd over - 0 run(s), 0 hit(s), 0 error(s), 0 left on base; Evans HS 3 - Billings West HS 6
TOP OF THE 4TH
Evans HS Knights batting - Pitching for Billings West HS Golden Bears : RHP Scott Roe
Batting: SHB Bryan Atkins 0-0: Ball
1-0: Called Strike
1-1: Swinging Strike
1-2: Foul Ball, location: 2F
1-2: Foul Ball, location: 2F
1-2: Hit by Pitch
Batting: RHB John Eaves 0-0: Ball
Bryan Atkins steals 2nd base
1-0: Foul Ball, location: 2F
1-1: Reached on error, E5 (Groundball, 5)
Bryan Atkins to third
Batting: RHB David Banks 0-0: Ball
1-0: Ball
2-0: Swinging Strike
2-1: Swinging Strike
2-2: Strikes out swinging
Pitching: RHP Bob Roy
Batting: RHB Ronnie Rogers 0-0: Ball
1-0: Ball
2-0: Called Strike
2-1: Ball
3-1: Called Strike
3-2: Base on Balls
John Eaves to second
Batting: RHB Michael Stevenson 0-0: Fly out, F9 (Flyball, 9S)
Batting: RHB Holden Davis 0-0: Foul Ball, location: 2F
0-1: Ball
1-1: Ball
2-1: Ball
3-1: Foul Ball, location: 2F
3-2: Foul Ball, location: 2F
3-2: Foul Ball, location: 2F
3-2: Ground out 6-3 (Groundball, 6)
Top of the 4th over - 0 run(s), 0 hit(s), 1 error(s), 3 left on base; Evans HS 3 - Billings West HS 6
BOTTOM OF THE 4TH
Billings West HS Golden Bears batting - Pitching for Evans HS Knights : RHP Arlen Wright
Batting: RHB Jason Nava 0-0: Foul Ball, location: 2F
0-1: Swinging Strike
0-2: Foul Ball, location: 2F
0-2: Ball
1-2: SINGLE (Groundball, 13) (infield hit)
Batting: RHB Dennis Garner 0-0: Ball
1-0: Fly out, F4 (Popup, 4)
Batting: RHB Spike Kennedy 0-0: Called Strike
0-1: Called Strike
0-2: Ball
1-2: Ball
2-2: 2-RUN HOME RUN (Line Drive, 78XD), Distance : 427 ft
Pitching: RHP Jeff Beatty
Batting: RHB Cole Boehmer 0-0: Ground out 4-3 (Groundball, 4)
Batting: LHB Duane Lemay 0-0: Ball
1-0: Ball
2-0: Ball
3-0: Called Strike
3-1: Called Strike
3-2: Strikes out looking
Bottom of the 4th over - 2 run(s), 2 hit(s), 0 error(s), 0 left on base; Evans HS 3 - Billings West HS 8
TOP OF THE 5TH
Evans HS Knights batting - Pitching for Billings West HS Golden Bears : RHP Bob Roy
Batting: LHB Bill McCraney 0-0: Ball
1-0: Ball
2-0: Ball
3-0: Base on Balls
Batting: LHB Michael Wilson Pickoff Throw to First - Out!
0-0: Swinging Strike
0-1: Ball
1-1: Swinging Strike
1-2: Ball
2-2: Hit by Pitch
Batting: LHB Gerald Murphy 0-0: Called Strike
0-1: SINGLE (Groundball, 6MD)
Michael Wilson to second
Batting: SHB Bryan Atkins 0-0: Ball
1-0: Fly out, F8 (Flyball, 8LM)
Batting: RHB John Eaves 0-0: Ball
1-0: Ground out 4-3 (Groundball, 4)
Top of the 5th over - 0 run(s), 1 hit(s), 0 error(s), 2 left on base; Evans HS 3 - Billings West HS 8
BOTTOM OF THE 5TH
Billings West HS Golden Bears batting - Pitching for Evans HS Knights : RHP Jeff Beatty
Batting: RHB Chris Hall 0-0: Ball
1-0: Ball
2-0: Called Strike
2-1: Called Strike
2-2: Fly out, F9 (Flyball, 9M)
Batting: LHB Andrew Holt 0-0: Ball
1-0: Ball
2-0: Ball
3-0: Base on Balls
Batting: RHB Bill Reed 0-0: Foul Ball, location: 2F
0-1: Ball
1-1: Foul Ball, location: 2F
1-2: Grounds into double play, 5-4-3 (Groundball, 5)
Bottom of the 5th over - 0 run(s), 0 hit(s), 0 error(s), 0 left on base; Evans HS 3 - Billings West HS 8
TOP OF THE 6TH
Evans HS Knights batting - Pitching for Billings West HS Golden Bears : RHP Bob Roy
Batting: RHB David Banks 0-0: Ball
1-0: SINGLE (Line Drive, 34)
Batting: RHB Ronnie Rogers 0-0: SINGLE (Line Drive, 89S)
David Banks to second
Batting: RHB Michael Stevenson 0-0: Ball
1-0: Fly out, F8 (Flyball, 8LM)
Batting: RHB Holden Davis 0-0: Fly out, F4 (Popup, 4D)
Batting: LHB Bill McCraney 0-0: Fielders Choice at 2nd, U4 (Groundball, 4M)
Top of the 6th over - 0 run(s), 2 hit(s), 0 error(s), 2 left on base; Evans HS 3 - Billings West HS 8
BOTTOM OF THE 6TH
Billings West HS Golden Bears batting - Pitching for Evans HS Knights : RHP Jeff Beatty
Batting: SHB Ray O'Dell 0-0: Swinging Strike
0-1: Ball
1-1: Foul Ball, location: 2F
1-2: Ball
2-2: Strikes out swinging
Batting: RHB Jason Nava 0-0: Swinging Strike
0-1: Ball
1-1: Called Strike
1-2: Ground out 4-3 (Groundball, 4S)
Batting: RHB Dennis Garner 0-0: Ball
1-0: Foul Ball, location: 2F
1-1: Ball
2-1: Fly out, F9 (Flyball, 9LS)
Bottom of the 6th over - 0 run(s), 0 hit(s), 0 error(s), 0 left on base; Evans HS 3 - Billings West HS 8
TOP OF THE 7TH
Evans HS Knights batting - Pitching for Billings West HS Golden Bears : RHP Bob Roy
Pitching: RHP John Jones
Batting: LHB Michael Wilson 0-0: Called Strike
0-1: Ground out 3-1 (Groundball, 34)
Batting: LHB Gerald Murphy 0-0: Called Strike
0-1: Called Strike
0-2: Reached on error, E5 (Groundball, 5)
Batting: SHB Bryan Atkins 0-0: Ball
1-0: Ball
2-0: Swinging Strike
2-1: Swinging Strike
2-2: Foul Ball, location: 2F
2-2: Strikes out looking
Batting: RHB John Eaves 0-0: Fly out, F9 (Flyball, 89M)
Top of the 7th over - 0 run(s), 0 hit(s), 1 error(s), 1 left on base; Evans HS 3 - Billings West HS 8
BOTTOM OF THE 7TH
Billings West HS Golden Bears batting - Pitching for Evans HS Knights : RHP Jeff Beatty
Pitching: LHP Marc Fontenot
Batting: RHB Spike Kennedy 0-0: Ball
1-0: Ball
2-0: Ball
3-0: Called Strike
3-1: Base on Balls
Batting: RHB Cole Boehmer 0-0: Ball
1-0: Swinging Strike
1-1: Foul Ball, location: 2F
1-2: Ball
2-2: 2-RUN HOME RUN (Flyball, 78XD), Distance : 426 ft
Batting: LHB Duane Lemay 0-0: Foul Ball, location: 2F
0-1: Swinging Strike
0-2: Fly out, F4 (Line Drive, 4)
Batting: RHB Chris Hall 0-0: Called Strike
0-1: Swinging Strike
0-2: Strikes out looking
Batting: LHB Andrew Holt 0-0: Foul Ball, location: 2F
0-1: Foul Ball, location: 2F
0-2: Reached on error, E4 (Groundball, 34)
Batting: RHB Bill Reed 0-0: Called Strike
0-1: Foul Ball, location: 2F
0-2: Fly out, F8 (Flyball, 8LM)
Bottom of the 7th over - 2 run(s), 1 hit(s), 1 error(s), 1 left on base; Evans HS 3 - Billings West HS 10
TOP OF THE 8TH
Evans HS Knights batting - Pitching for Billings West HS Golden Bears : RHP John Jones
Batting: RHB David Banks 0-0: Swinging Strike
0-1: Ball
1-1: Ball
2-1: Called Strike
2-2: Foul Ball, location: 2F
2-2: Foul Ball, location: 2F
2-2: Foul Ball, location: 2F
2-2: Strikes out swinging
Batting: RHB Ronnie Rogers 0-0: Foul Ball, location: 2F
0-1: Foul Ball, location: 2F
0-2: Strikes out looking
Batting: RHB Michael Stevenson 0-0: Called Strike
0-1: Swinging Strike
0-2: Strikes out swinging
Top of the 8th over - 0 run(s), 0 hit(s), 0 error(s), 0 left on base; Evans HS 3 - Billings West HS 10
BOTTOM OF THE 8TH
Billings West HS Golden Bears batting - Pitching for Evans HS Knights : LHP Marc Fontenot
Batting: SHB Ray O'Dell 0-0: Foul Ball, location: 2F
0-1: Foul Ball, location: 2F
0-2: Ball
1-2: Ground out 6-3 (Groundball, 6)
Batting: RHB Jason Nava 0-0: Ball
1-0: Called Strike
1-1: Ball
2-1: Ground out 6-3 (Groundball, 6)
Batting: RHB Dennis Garner 0-0: Called Strike
0-1: Ball
1-1: Swinging Strike
1-2: SINGLE (Groundball, 6MD)
Batting: RHB Spike Kennedy 0-0: Ball
1-0: Foul Ball, location: 2F
1-1: 2-RUN HOME RUN (Flyball, 8LXD), Distance : 441 ft
Batting: RHB Cole Boehmer 0-0: Ball
1-0: Swinging Strike
1-1: Fly out, F7 (Flyball, 7M)
Bottom of the 8th over - 2 run(s), 2 hit(s), 0 error(s), 0 left on base; Evans HS 3 - Billings West HS 12
TOP OF THE 9TH
Evans HS Knights batting - Pitching for Billings West HS Golden Bears : RHP John Jones
Batting: RHB Holden Davis 0-0: Ball
1-0: Foul Ball, location: 2F
1-1: Called Strike
1-2: Ball
2-2: Strikes out swinging
Batting: LHB Bill McCraney 0-0: Called Strike
0-1: Ball
1-1: DOUBLE (Line Drive, 89XD)
Batting: LHB Michael Wilson 0-0: Ball
1-0: Called Strike
1-1: Ball
2-1: Ball
3-1: Foul Ball, location: 2F
3-2: Strikes out swinging
Batting: LHB Gerald Murphy 0-0: Ball
1-0: Ball
2-0: Fly out, F6 (Popup, 6M)
Top of the 9th over - 0 run(s), 1 hit(s), 0 error(s), 1 left on base; Evans HS 3 - Billings West HS 12
This league is powered by Out of the Park Baseball, the baseball management simulation game for PC, Mac and Linux
Saturday, April 9th, 2016 - OOTP Baseball 16.8 Build 38